 Dungeon Crawl Stone Soup version 0.20.0 (webtiles) character file.

102 MatthieuS the Skirmisher (level 4, -2/40 HPs)
             Began as a Minotaur Monk on June 5, 2017.
             Was a Follower of Ru.
             Slain by MatthieuS's ghost (5 damage)
             ... on level 3 of the Dungeon.
             The game lasted 00:05:37 (2374 turns).

MatthieuS the Skirmisher (Minotaur Monk)            Turns: 2374, Time: 00:05:37

Health: -2/40      AC:  2    Str: 26    XL:     4   Next: 49%
Magic:  3/3        EV: 13    Int:  7    God:    Ru [*.....]
Gold:   115        SH:  0    Dex: 12    Spells: 3/3 levels left

rFire    . . .     SeeInvis .   a - +0 spear
rCold    . . .     Gourm    .   (no shield)
rNeg     . . .     Faith    .   b - +0 robe
rPois    .         Spirit   .   (helmet restricted)
rElec    .         Reflect  .   (no cloak)
rCorr    .         Harm     .   (no gloves)
MR       .....                  (no boots)
Stlth    ++........             (no amulet)
Regen    0.2/turn               e - +4 ring of strength
MPRegen  0.1/turn               (no ring)

@: mighty
A: retaliatory headbutt, horns 2, unskilled 1
a: Renounce Religion


You were on level 3 of the Dungeon.
You worshipped Ru.
Ru was aware of your devotion.
You were not hungry.

You visited 1 branch of the dungeon, and saw 3 of its levels.

You collected 115 gold pieces.

Inventory:

Hand Weapons
 a - a +0 spear (weapon)
 w - a +0 hunting sling
Missiles
 h - 17 sling bullets
Armour
 b - a +0 robe (worn)
Jewellery
 e - a +4 ring of strength (left hand)
Scrolls
 f - 3 scrolls of identify
 g - a scroll of fog
 i - 2 scrolls of blinking
 l - a scroll of noise {unknown}
 m - 5 scrolls of fear
 o - 2 scrolls of teleportation
 t - a scroll of immolation {unknown}
Potions
 k - a potion of lignification {unknown}
 p - a potion of flight {unknown}
 q - a potion of mutation {unknown}
 r - a potion of cancellation {unknown}
Comestibles
 c - a bread ration
 d - 4 fruits
 s - a meat ration


   Skills:
 + Level 3.8 Fighting
 + Level 3.7 Polearms
 + Level 3.0 Slings
 + Level 3.2 Dodging
 + Level 1.5 Stealth


You had 3 spell levels left.
You didn't know any spells.

Dungeon Overview and Level Annotations

Branches:
Dungeon (3/15)

Altars:
Ru

Annotations:
D:3 MatthieuS's ghost, amateur MiMo


Innate Abilities, Weirdness & Mutations

You reflexively headbutt those who attack you in melee.
You have a pair of horns on your head.
You are somewhat unskilled. (-1 Apt)


Message History

l - a scroll labeled KUAM SOKIGI It was a potion of might.
You feel very mighty all of a sudden. MatthieuS's ghost hits you.
You hit MatthieuS's ghost. You headbutt MatthieuS's ghost!
MatthieuS's ghost is severely damaged.
MatthieuS's ghost screams, "You will never get the ORB!"
MatthieuS's ghost hits you.
You closely miss MatthieuS's ghost.
MatthieuS's ghost is severely damaged.
MatthieuS's ghost hits you.
* * * LOW HITPOINT WARNING * * *
You puncture MatthieuS's ghost!
MatthieuS's ghost is almost destroyed.
MatthieuS's ghost hits you!
* * * LOW HITPOINT WARNING * * *
You hit MatthieuS's ghost.
MatthieuS's ghost is almost destroyed.
MatthieuS's ghost hits you.
You die...

#......#....#
#......#....#
###....######
#(...# .
#####....# )
#........# .
#.......##
#....W..#
###..@..#
#.....#
#.....#
#.....#
#.....#
#.....#
#.....#
#######


You could see MatthieuS's ghost.

Vanquished Creatures
  Jessica (D:3)
  2 adders (D:2)
  2 worms (D:2)
  A dart slug (D:1)
  An orc (D:3)
  6 giant cockroaches
  3 goblins (D:2)
  8 hobgoblins
  6 jackals (D:2)
  2 quokkas
  2 bats
  4 frilled lizards
  3 kobolds
  6 rats
47 creatures vanquished.

Notes
Turn   | Place    | Note
-------+----------+-------------------------------------------
     0 | D:1      | MatthieuS the Minotaur Monk began the quest for the Orb.
     0 | D:1      | Reached XP level 1. HP: 19/19 MP: 0/0
   454 | D:1      | Reached XP level 2. HP: 27/27 MP: 1/1
  1130 | D:2      | Reached skill level 1 in Slings
  1130 | D:2      | Reached XP level 3. HP: 33/33 MP: 2/2
  1722 | D:2      | Found a sacrificial altar of Ru.
  1728 | D:2      | Became a worshipper of Ru the Awakened
  1739 | D:2      | Gained mutation: You are somewhat unskilled. (-1 Apt) [Ru sacrifice]
  1739 | D:2      | Reached * piety under Ru
  2097 | D:2      | Reached XP level 4. HP: 40/40 MP: 3/3
  2276 | D:3      | Noticed Jessica
  2278 | D:3      | Killed Jessica
  2338 | D:3      | Noticed MatthieuS's ghost (amateur MiMo)
  2374 | D:3      | Slain by MatthieuS's ghost

Skill      XL: |  1  2  3  4 |
---------------+-------------+-----
Polearms       | 4 3 |  3.7
Fighting       | 4 3 |  3.8
Slings         | 1 2 3 |  3.0
Dodging        | |  3.2
Stealth        | |  1.5

Action                   |  1- 3 |  4- 6 || total
-------------------------+-------+-------++-------
Melee: Spear             |    21 |     4 ||    25
       Headbutt          |     1 |     1 ||     2
 Fire: Hunting sling     |   110 |    38 ||   148
Invok: Sacrifice Skill   |     1 |       ||     1
  Use: Scroll            |       |     5 ||     5
       Potion            |       |     1 ||     1
 Stab: Sleeping          |     1 |       ||     1
  Eat: Chunk             |     3 |     1 ||     4
Armor: Robe              |    12 |     1 ||    13
Dodge: Dodged            |    40 |    11 ||    51
